 Dungeon Crawl Stone Soup version 0.26-a0-64-g059e62fbdb (webtiles) character file.

Game seed: 15502397557331647698

17662 Apogee the Nimble (level 12, -2/79 HPs)
             Began as a Halfling Hunter on June 10, 2020.
             Was the Champion of Okawaru.
             Killed by divine providence
             ... invoked by a meliai
              (12 damage)
             ... on level 13 of the Dungeon on June 11, 2020.
             The game lasted 00:57:14 (17940 turns).

Apogee the Nimble (Halfling Hunter)                Turns: 17940, Time: 00:57:14

Health: -2/79      AC: 19    Str: 13    XL:     12   Next: 85%
Magic:  12/12      EV: 24    Int:  9    God:    Okawaru [******]
Gold:   904        SH:  7    Dex: 20    Spells: 10/11 levels left

rFire    x . .     SeeInvis .   a - +3 hunting sling (vorpal)
rCold    + . .     Gourm    .   w - +0 buckler
rNeg     . . .     Faith    .   R - +1 acid dragon scales
rPois    .         Spirit   .   o - +2 helmet
rElec    .         Reflect  .   L - +1 cloak
rCorr    +         Harm     .   Y - +0 pair of gloves (curse)
MR       .....                  A - +0 pair of boots (curse)
Stlth    ++........             (no amulet)
HPRegen  0.23/turn              m - ring of attention (curse)
MPRegen  0.13/turn              D - ring of ice

@: marked
A: small, mutation resistance 1
a: Heroism, Finesse, Renounce Religion


You were on level 13 of the Dungeon.
You worshipped Okawaru.
Okawaru was exalted by your worship.
You were not hungry.

You visited 2 branches of the dungeon, and saw 14 of its levels.
You also visited: Sewer.

You collected 904 gold pieces.

Inventory:

Hand Weapons
 a - a +3 vorpal hunting sling (weapon)
 b - a +1 dagger of venom
 H - a +0 hunting sling of freezing
Missiles
 d - 125 sling bullets
 i - 338 stones (quivered)
 K - 16 poisoned darts
Armour
 o - a +2 helmet (worn)
 s - a scarf of harm
 w - a +0 buckler (worn)
 A - a cursed +0 pair of boots (worn)
 L - a +1 cloak (worn)
 R - +1 acid dragon scales (worn)
 Y - a cursed +0 pair of gloves (worn)
Jewellery
 c - a cursed -4 ring of dexterity {unknown}
 k - an uncursed amulet of regeneration
 m - a cursed ring of attention (left hand)
 D - a ring of ice (right hand)
 T - an uncursed ring of protection from cold
 U - an uncursed amulet of magic regeneration
Wands
 l - a wand of digging (4)
 p - a wand of enslavement (19)
 v - a wand of iceblast (7)
 E - a wand of flame (52)
 J - a wand of disintegration (6)
Scrolls
 e - a scroll of enchant armour
 g - 3 scrolls of amnesia
 h - 4 scrolls of teleportation
 r - a scroll of remove curse {unknown}
 t - 2 scrolls of fear
 B - 8 scrolls of identify
 G - 2 scrolls of random uselessness
Potions
 j - 5 potions of curing
 q - a potion of resistance
 u - a potion of cancellation
 C - a potion of flight
 F - a potion of brilliance
 N - 2 potions of stabbing
Comestibles
 f - 21 rations
 n - 4 chunks of flesh


   Skills:
 - Level 6.0 Fighting
 - Level 4.0 Short Blades
 - Level 12.0 Slings
 + Level 11.7 Armour
 + Level 12.2 Dodging
 - Level 6.0 Stealth
 - Level 5.6 Shields
 - Level 2.0 Translocations


You had 10 spell levels left.
You knew the following spells:

 Your Spells              Type           Power        Failure   Level  Hunger
a - Apportation           Tloc           #.....       24%         1    ##.....

Your spell library contained the following spells:

 Spells                   Type           Power        Failure   Level  Hunger
 Animate Skeleton         Necr           N/A          47%         1    ##.....
 Corona                   Hex            #......      47%         1    ##.....
 Shock                    Conj/Air       #...         47%         1    ##.....
 Summon Small Mammal      Summ           #...         47%         1    ##.....
 Swiftness                Chrm/Air       #.......     63%         2    ###....
 Static Discharge         Conj/Air       #.......     85%         3    ####...
 Airstrike                Air            #.........   99%         4    #####..
 Cause Fear               Hex            #.........   99%         4    #####..
 Lightning Bolt           Conj/Air       #.........   100%        5    ######.
 Silence                  Hex/Air        #.........   100%        5    ######.
 Yara's Violent Unravell  Hex/Tmut       #.........   100%        5    ######.
 Discord                  Hex            #.........   100%        8    #######


Dungeon Overview and Level Annotations

Branches:
Dungeon (13/15)            Temple (1/1) D:4            Lair (0/6) D:11
    Orc (0/2) D:11          Sewer (visited)
 Vaults: D:13-14

Altars:
Elyvilon
Fedhas
Gozag
Hepliaklqana
Okawaru
Qazlal
Ru
Vehumet
Wu Jian
Zin

Shops:
D:4 [   D:11 (   D:12 (   D:13 *!

Portals:
Bazaar: D:12

Annotations:
D:6 2 transporters
D:7 5 runed translucent doors, exclusion: 3 doors
D:10 !Vampire
D:12 exclusion: 2 ice statues


Innate Abilities, Weirdness & Mutations

You are small and have problems with some larger weapons.
You are somewhat resistant to further mutation.


Message History

Something smites you! The meliai misses you. The meliai completely misses you.
The meliai mumbles some strange prayers to its god against you.
Something smites you!
The meliai calls down the wrath of its god upon you.
Something smites you!
* * * LOW HITPOINT WARNING * * *
You block the meliai's attack. The meliai stings you.
* * * LOW HITPOINT WARNING * * *
You are lethally poisoned!
The meliai poisons you! The meliai misses you. x2
There is a stone staircase leading up, spattered with blood here.
You feel better. The meliai hits you but does no damage.
The meliai barely misses you. You block the meliai's attack.
The meliai closely misses you. The meliai hits you but does no damage.
The meliai closely misses you.
The meliai calls upon its god to heal the meliai.
The meliai's wounds heal themselves!
The meliai invokes the aid of its god against you.
Something smites you!
You die...

#.....#.#...# #..∩..#
##.#.### ##.y..# #y.####
#.## ####.###########
#...)yy........########
#.....y@......8.∩.<.8.#
#................######.#
...#..........)..÷.......#
## #..............########
#..............#
#....<.........#
################


You could see 3 meliai.

Vanquished Creatures
  2 two-headed ogres (D:10)
  An unseen horror (D:11)
  An ugly thing (D:12)
  2 manticores
  A centaur zombie (D:10)
  Maggie (D:6)
  A gargoyle (D:10)
  A komodo dragon (D:12)
  A centaur skeleton (D:11)
  A kobold demonologist (D:13)
  4 trolls
  2 polar bears (D:12)
  A hornet (D:11)
  3 hippogriffs
  Sigmund (D:2)
  2 water elementals (D:11)
  A human (D:7)
  A wyvern (D:9)
  4 hogs (D:7)
  A basilisk (D:11)
  A shadow (D:11)
  18 yaks
  An acid dragon (D:11)
  6 orc warriors
  Purgy (Sewer)
  4 sky beasts
  5 ice beasts
  A black bear (D:10)
  2 necrophages
  5 ogres
  4 phantoms
  12 centaurs
  4 big kobolds
  Blork the orc (D:4)
  2 gnoll sergeants (D:8)
  A water moccasin zombie (D:9)
  A wyvern zombie (D:7)
  A wyvern skeleton (D:8)
  3 scorpions
  14 killer bees
  8 wights
  3 electric eels (D:11)
  A bullfrog zombie (D:12)
  9 hounds
  A quasit (D:7)
  2 crimson imps
  7 orc priests
  2 bullfrog skeletons
  A gnoll shaman (D:9)
  A jelly (D:7)
  2 iguanas
  8 orc wizards
  6 worker ants
  A statue (D:7)
  A hound zombie (D:10)
  Robin (D:2)
  11 gnolls
  15 adders
  A howler monkey skeleton (D:7)
  A river rat (D:6)
  3 shadow imps
  A white imp (D:12)
  An ooze (D:3)
  3 adder skeletons
  A worm (D:2)
  3 dart slugs
  10 leopard geckos
  39 orcs
  2 ball pythons
  5 giant cockroaches
  18 goblins
  18 hobgoblins
  19 jackals
  32 kobolds
  3 quokkas
  7 bats
  3 frilled lizards
  A jackal skeleton (D:8)
  A leopard gecko skeleton (D:6)
  3 quokka skeletons
  2 rats
376 creatures vanquished.

Vanquished Creatures (others)
  An orc wizard (D:10)
  A bat (D:1)
2 creatures vanquished.

Grand Total: 378 creatures vanquished

Notes
Turn   | Place    | Note
-------+----------+-------------------------------------------
     0 | D:1      | Apogee the Halfling Hunter began the quest for the Orb.
     0 | D:1      | Reached XP level 1. HP: 14/14 MP: 1/1
    79 | D:1      | Reached XP level 2. HP: 19/19 MP: 2/2
   459 | D:1      | You fall into a shaft and drop 1 floor!
   490 | D:2      | Reached XP level 3. HP: 24/24 MP: 3/3
   526 | D:2      | Noticed Sigmund
   530 | D:2      | You fall into a shaft and drop 1 floor!
   556 | D:2      | Killed Sigmund
   556 | D:2      | Reached XP level 4. HP: 18/29 MP: 4/4
   556 | D:2      | Reached XP level 5. HP: 21/34 MP: 5/5
   556 | D:2      | Reached XP level 6. HP: 24/39 MP: 6/6
  1207 | D:2      | Noticed Robin
  1215 | D:2      | Reached skill level 10 in Slings
  1229 | D:2      | Killed Robin
  1875 | D:3      | Found a stormy altar of Qazlal.
  2250 | D:3      | Found a hazy altar of Hepliaklqana.
  2610 | D:4      | Found a staircase to the Ecumenical Temple.
  2617 | D:4      | Noticed a phantom
  2619 | Temple   | Entered the Ecumenical Temple
  2627 | Temple   | Became a worshipper of Warmaster Okawaru
  2655 | D:4      | Killed a phantom
  2655 | D:4      | Reached XP level 7. HP: 40/44 MP: 7/7
  2856 | D:4      | Found an ornate altar of the Wu Jian Council.
  2934 | D:4      | Found an opulent altar of Gozag.
  3103 | D:4      | Found Virrus's Antique Armour Shop.
  3285 | D:4      | Noticed Blork the orc
  3303 | D:4      | Killed Blork the orc
  3303 | D:4      | Reached * piety under Okawaru
  3605 | D:4      | Found a glowing silver altar of Zin.
  3661 | D:5      | Entered Level 5 of the Dungeon
  3692 | D:5      | Reached skill level 1 in Armour
  4143 | D:5      | Reached XP level 8. HP: 31/51 MP: 8/8
  4458 | D:5      | Found a sacrificial altar of Ru.
  4746 | D:6      | Found a glowing drain.
  4780 | Sewer    | Entered a sewer
  4837 | Sewer    | Noticed Purgy
  4885 | Sewer    | Killed Purgy
  5610 | D:6      | Found a transporter.
  5655 | D:6      | Found a transporter.
  6243 | D:6      | Reached ** piety under Okawaru
  6243 | D:6      | Reached XP level 9. HP: 48/58 MP: 9/9
  6255 | D:6      | Reached skill level 5 in Dodging
  6964 | D:6      | Reached skill level 5 in Armour
  7071 | D:6      | Noticed Maggie
  7094 | D:6      | Killed Maggie
  7094 | D:6      | Reached skill level 5 in Fighting
  7832 | D:7      | Found a runed translucent gate.
  7832 | D:7      | Found a runed translucent gate.
  7832 | D:7      | Found a runed translucent gate.
  7859 | D:7      | Found the +9 staff of Olgreb {rPois∞}
  7864 | D:7      | Found a runed translucent door.
  8013 | D:7      | Found a radiant altar of Vehumet.
  8349 | D:7      | Found a runed translucent door.
  8452 | D:7      | Reached *** piety under Okawaru
  8468 | D:7      | Reached XP level 10. HP: 51/68 MP: 10/10
  9471 | D:8      | Reached **** piety under Okawaru
  9575 | D:8      | Received a gift from Okawaru
  9860 | D:8      | Learned a level 1 spell: Apportation
 10066 | D:8      | Reached skill level 1 in Translocations
 10513 | D:8      | Received a gift from Okawaru
 10609 | D:8      | Found an iron altar of Okawaru.
 10874 | D:8      | Reached XP level 11. HP: 59/72 MP: 11/11
 11438 | D:9      | Reached skill level 5 in Stealth
 12094 | D:9      | Reached ***** piety under Okawaru
 12261 | D:9      | Found a white marble altar of Elyvilon.
 12621 | D:9      | Reached skill level 10 in Armour
 12621 | D:9      | Reached skill level 10 in Dodging
 12633 | D:9      | Reached skill level 1 in Short Blades
 12788 | D:10     | Entered Level 10 of the Dungeon
 13028 | D:10     | Noticed a two-headed ogre
 13583 | D:10     | Killed a two-headed ogre
 13915 | D:10     | Noticed a two-headed ogre
 13973 | D:10     | Killed a two-headed ogre
 13973 | D:10     | Received a gift from Okawaru
 14097 | D:10     | Reached XP level 12. HP: 79/79 MP: 12/12
 14635 | D:11     | Reached skill level 1 in Shields
 15214 | D:11     | Killed an unseen horror
 15214 | D:11     | Reached skill level 5 in Shields
 15437 | D:11     | Found a staircase to the Lair.
 15898 | D:11     | Found a staircase to the Orcish Mines.
 15914 | D:11     | Found Ubloddex's Weapon Boutique.
 16458 | D:12     | Received a gift from Okawaru
 16865 | D:12     | Found Zeutat's Antique Weapon Shop.
 16914 | D:12     | Received a gift from Okawaru
 17338 | D:12     | Found a gateway to a bazaar.
 17802 | D:13     | Found Buogi Peku's Distillery.
 17816 | D:13     | Reached ****** piety under Okawaru
 17816 | D:13     | Received a gift from Okawaru
 17929 | D:13     | Found Odibbof's Assorted Antiques.
 17940 | D:13     | Killed from afar by a meliai

Illustrated notes

Levels and vault maps discovered:
D:1:      sevenhm_arrival_forest_fort_small_5, layout_basic
D:2:      layout_basic, uniq_robin, uniq_sigmund
D:3:      layout_loops_ring, lemuel_coloured_pillars_altar,
          nicolae_overflow_crystal_walls, first_ration
D:4:      layout_basic, overflow_temple_1_default, kennysheep_mini,
          temple_pool_b, serial_shops, nicolae_shop_crystal,
          nicolae_gozag_seed_capital, uniq_blork_the_orc
D:5:      layout_loops_ring, overflow_temple_1_default, minmay_liquid_box,
          minmay_misc_feat_ornament, minmay_door_square, minmay_misc_feat_rugged
D:6:      gammafunk_steamed_eel, layout_gridville, portal_sewer_entry_c,
          uniq_maggie
D:7:      layout_loops_corners, vehumet_statue, grunt_livestock,
          minmay_guarded_unrand_staff_of_olgreb
D:8:      kennysheep_housing_project, layout_basic, okawaru_altar_gauntlet_db
D:9:      layout_rooms, lemuel_crystal_altar
D:10:     layout_basic
D:11:     layout_roguey, lair_entry_dummy, orc_david_3, serial_bayou_lake_a
D:12:     layout_irregular_city, serial_shops, statue_bzr, nicolae_shop_crystal,
          ice2_lemuel
D:13:     layout_roguey, lightli_vaults_fourway_checkpoint, serial_shops,
          nicolae_shop_crystal, shop_statue, nicolae_shop_trees, shop
Temple:   dpeg_chambers_temple

Skill      XL: |  1  2  3  4  5  6  7  8  9 10 11 12 |
---------------+-------------------------------------+-----
Slings         | 6 9 11 12 | 12.0
Stealth        | 2 4 6 |  6.0
Fighting       | 2 4 5 6 |  6.0
Armour         | 1 4 6 8 10 11 | 11.7
Dodging        | 3 4 7 8 11 12 | 12.2
Translocations | 2 |  2.0
Short Blades   | 4 |  4.0
Shields        | 5 |  5.6

Action                   |  1- 3 |  4- 6 |  7- 9 | 10-12 || total
-------------------------+-------+-------+-------+-------++-------
Melee: Short sword       |    19 |    28 |       |       ||    47
       Dagger            |       |    62 |   440 |  1038 ||  1540
       Hunting sling     |       |       |       |     2 ||     2
 Fire: Hunting sling     |    34 |    50 |   128 |   593 ||   805
Invok: Heroism           |       |       |       |     1 ||     1
Evoke: Wand              |       |       |     1 |     2 ||     3
  Use: Scroll            |     1 |       |       |    16 ||    17
       Potion            |       |       |       |    10 ||    10
 Stab: Sleeping          |       |     2 |     5 |     1 ||     8
       Distracted        |       |       |     1 |       ||     1
  Eat: Chunk             |       |     5 |    13 |    23 ||    41
       Ration            |       |       |     2 |     2 ||     4
Armor: Leather armour    |     8 |    21 |     8 |       ||    37
       Ring mail         |       |       |    77 |       ||    77
       Chain mail        |       |       |    24 |       ||    24
       Acid dragon scale |       |       |    23 |   257 ||   280
Dodge: Dodged            |    22 |    80 |   358 |  1124 ||  1584
Block: Buckler           |       |       |       |   114 ||   114

Table legend:
 A = Non-vault XP
 B = Vault XP
 C = Vault XP percentage of total XP
 D = Non-vault monster count
 E = Vault monster count
 F = Vault count percentage of total count
                 A         B        C        D         E       F
            +---------+---------+-------+---------+---------+-------
      Total |   21465 |    3767 |  14.9 |     306 |      72 |  19.0
            +---------+---------+-------+---------+---------+-------
        D:1 |      25 |       0 |   0.0 |      13 |       0 |   0.0
        D:2 |     103 |     249 |  70.7 |      27 |       8 |  22.9
        D:3 |      91 |       0 |   0.0 |      17 |       0 |   0.0
        D:4 |     360 |      90 |  20.0 |      17 |       1 |   5.6
        D:5 |     354 |       0 |   0.0 |      13 |       0 |   0.0
        D:6 |    1293 |     416 |  24.3 |      29 |       6 |  17.1
        D:7 |    1411 |    1036 |  42.3 |      21 |       7 |  25.0
        D:8 |    2277 |     870 |  27.6 |      23 |      35 |  60.3
        D:9 |    2621 |       0 |   0.0 |      42 |       0 |   0.0
       D:10 |    4702 |       0 |   0.0 |      49 |       0 |   0.0
       D:11 |    4560 |     139 |   3.0 |      33 |       4 |  10.8
       D:12 |    2643 |     824 |  23.8 |      15 |       5 |  25.0
       D:13 |    1025 |       0 |   0.0 |       7 |       0 |   0.0
      Sewer |       0 |     143 | 100.0 |       0 |       6 | 100.0
            +---------+---------+-------+---------+---------+-------
